 Dungeon Crawl Stone Soup version 0.31.0-32-g396128a36d (webtiles) character file.

Game seed: 17878323717251752865

181700 PaiMei the Bludgeoner (level 17, -4/162 HPs)
             Began as a Minotaur Fighter on Apr 4, 2024.
             Was an Elder of Uskayaw.
             Killed from afar by an ironbound frostheart (31 damage)
             ... by creeping frost
             ... on level 1 of the Vaults.
             The game lasted 01:05:26 (35121 turns).

PaiMei the Bludgeoner (Minotaur Fighter)           Turns: 35121, Time: 01:05:26

Health: -4/162     AC: 21    Str: 27 (28) XL:     17   Next: 34%
Magic:  32/32      EV:  9    Int:  7      God:    Uskayaw [****..]
Gold:   264        SH: 18    Dex:  9      Spells: 16/16 levels left

rFire   . . .        b - +10 falchion of Doaweth {freeze, ^Drain rCorr MP+9 Int+2}
rCold   . . .        W - +0 kite shield
rNeg    . . .        D - +3 chain mail {rC+}
rPois   .            (helmet restricted)
rElec   .            v - +1 cloak {rCorr}
rCorr   +            e - +0 pair of gloves
SInv    .            u - +0 pair of boots
Will    +....        A - amulet of reflection Stlth
                     (no ring)
HPRegen 0.47/turn    J - +4 ring of slaying
MPRegen 0.23/turn

%: reflection
@: frozen, corroded, very slow
A: horns 2, retaliatory headbutt, iridescent scales 1, clumsy 1, deterioration
1, cold vulnerability 1
}: 1/15 runes: barnacled
a: Renounce Religion, Stomp, Line Pass


You were on level 1 of the Vaults.
You worshipped Uskayaw.
Uskayaw was aware of your devotion.
You visited 7 branches of the dungeon, and saw 31 of its levels.

You collected 2443 gold pieces.
You spent 2179 gold pieces at shops.

Inventory:

Hand Weapons
 b - the +10 falchion of Doaweth (weapon) {freeze, ^Drain rCorr MP+9 Int+2}
   (You found it on level 5 of the Lair of Beasts)

   Int+2:     It affects your intelligence (+2).
   MP+9:      It affects your magic capacity (+9).
   rCorr:     It protects you from acid and corrosion.
   ^Drain:    It drains your maximum health when unequipped.
 R - the +11 flail "Jioxuh" {vamp, ^Contam rC- rN+++ Int+3}
   (You found it on level 1 of the Lair of Beasts)

   Int+3:     It affects your intelligence (+3).
   rC-:       It makes you vulnerable to cold.
   rN+++:     It renders you almost immune to negative energy.
   ^Contam:   It causes magical contamination when unequipped.
Missiles
 y - 3 throwing nets
 H - 4 atropa-tipped darts
 Q - 3 curare-tipped darts
 T - 5 javelins (quivered)
Armour
 e - a +0 pair of gloves (worn)
 u - a +0 pair of boots (worn)
 v - a +1 cloak of preservation (worn)
 D - a +3 chain mail of cold resistance (worn)
 W - a +0 kite shield (worn)
Jewellery
 c - the ring "Jotz" {rN+ Str+6 Int-3 Dex+7}
   (You bought it in a shop on level 2 of the Orcish Mines)

   [ring of positive energy]

   Str+6:     It affects your strength (+6).
   Int-3:     It affects your intelligence (-3).
   Dex+7:     It affects your dexterity (+7).
   rN+:       It protects you from negative energy.
 k - the ring "Kuhaw" {rC+ Will+ SInv}
   (You found it on level 4 of the Shoals)

   [ring of see invisible]

   rC+:       It protects you from cold.
   Will+:     It increases your willpower.
   SInv:      It lets you see invisible.
 m - the amulet "Qeacos" {rPois rN+ Regen+ Str-2}
   (You found it on level 5 of the Lair of Beasts)

   [amulet of regeneration]

   Str-2:     It affects your strength (-2).
   rPois:     It protects you from poison rN+: It protects you from negative
   energy.
   Regen+:    It increases your rate of health regeneration.
 A - an amulet of reflection (around neck)
 E - the ring of Laxiarch {rElec rC+ EV+5 Int+3}
   (You bought it in a shop on level 2 of the Orcish Mines)

   [ring of evasion]

   EV+5:      It affects your evasion (+5).
   Int+3:     It affects your intelligence (+3).
   rC+:       It protects you from cold.
   rElec:     It insulates you from electricity.
 J - a +4 ring of slaying (right hand)
Wands
 r - a wand of roots (8)
 F - a wand of light (26)
 O - a wand of mindburst (14)
Scrolls
 f - 9 scrolls of immolation
 h - a scroll of amnesia
 i - 3 scrolls of silence
 l - 2 scrolls of poison
 o - 11 scrolls of teleportation
 q - 3 scrolls of enchant armour
 s - 5 scrolls of fog
 t - 2 scrolls of enchant weapon
 w - 2 scrolls of revelation
 C - 5 scrolls of fear
 G - a scroll of acquirement {unknown}
 I - a scroll of blinking {unknown}
 K - a scroll of torment {unknown}
 M - 3 scrolls of summoning
 V - 4 scrolls of brand weapon
Potions
 a - 2 potions of resistance
 d - a potion of might
 g - 2 potions of berserk rage
 j - 4 potions of haste
 n - 6 potions of attraction
 p - 5 potions of enlightenment
 x - 16 potions of curing
 B - 2 potions of brilliance
 P - 3 potions of lignification
 U - a potion of invisibility
 Y - a potion of ambrosia
Miscellaneous
 X - a phial of floods


   Skills:
 + Level 17.6 Fighting
 - Level 12.7(17.9) Axes
 * Level 20.2(21.5) Maces & Flails
 + Level 17.5 Armour
 + Level 17.3 Shields
 + Level 10.2 Invocations


You had 16 spell levels left.
You didn't know any spells.
Your spell library contained the following spells:

 Spells                   Type           Power      Damage    Failure   Level
 Magic Dart               Conj           0%         1d3       86%         1
 Slow                     Hex            0%         N/A       86%         1
 Summon Small Mammal      Summ           0%         N/A       86%         1
 Blink                    Tloc           0%         N/A       95%         2
 Call Imp                 Summ           0%         N/A       95%         2
 Jinxbite                 Hex            0%         N/A       95%         2
 Lesser Beckoning         Tloc           0%         N/A       95%         2
 Scorch                   Fire           0%         2d5       95%         2
 Static Discharge         Conj/Air       0%         3-3/arc   95%         2
 Call Canine Familiar     Summ           0%         N/A       99%         3
 Confusing Touch          Hex            0%         N/A       99%         3
 Gell's Gravitas          Tloc           0%         N/A       99%         3
 Inner Flame              Hex/Fire       0%         N/A       99%         3
 Sigil of Binding         Hex            0%         N/A       99%         3
 Stone Arrow              Conj/Erth      0%         3d7       99%         3
 Summon Ice Beast         Ice/Summ       0%         N/A       99%         3
 Teleport Other           Tloc           0%         N/A       99%         3
 Vampiric Draining        Necr           0%         2d6       99%         3
 Airstrike                Air            0%         2d(0-16)  100%        4
 Animate Dead             Necr           0%         N/A       100%        4
 Flame Wave               Conj/Fire      0%         2d4       100%        4
 Leda's Liquefaction      Alch/Erth      0%         N/A       100%        4
 Sticky Flame             Fire/Alch      0%         2d4       100%        4
 Summon Blazeheart Golem  Fire/Summ      0%         N/A       100%        4
 Summon Lightning Spire   Summ/Air       0%         N/A       100%        4
 Vhi's Electric Charge    Tloc/Air       0%         N/A       100%        4
 Arcjolt                  Conj/Air       0%         1d10      100%        5
 Borgnjor's Vile Clutch   Necr/Erth      0%         N/A       100%        5
 Freezing Cloud           Conj/Ice/Air   0%         6-21      100%        5
 Lee's Rapid Deconstruct  Erth           0%         3d4*      100%        5
 Metabolic Englaciation   Hex/Ice        0%         N/A       100%        5
 Summon Mana Viper        Hex/Summ       0%         N/A       100%        5
 Yara's Violent Unravell  Hex/Alch       0%         3d3       100%        5
 Bombard                  Conj/Erth      0%         9d1       100%        6
 Death Channel            Necr           0%         N/A       100%        6
 Summon Cactus Giant      Summ           0%         N/A       100%        6
 Enfeeble                 Hex            0%         N/A       100%        7
 Haunt                    Necr/Summ      0%         N/A       100%        7
 Monstrous Menagerie      Summ           0%         N/A       100%        7
 Borgnjor's Revivificati  Necr           0%         N/A       100%        8
 Lehudib's Crystal Spear  Conj/Erth      0%         10d2      100%        8
 Maxwell's Capacitive Co  Air            0%         ∞         100%        8
 Death's Door             Necr           0%         N/A       100%        9
 Polar Vortex             Ice            0%         N/A       100%        9


Dungeon Overview and Level Annotations

Branches:
Dungeon (15/15)            Temple (1/1) D:6            Lair (5/5) D:9
 Shoals (4/4) Lair:3       Spider (0/4) Lair:2        Slime (3/5) Lair:5
    Orc (2/2) D:10            Elf (0/3) Orc:2        Vaults (1/5) D:13
 Depths (0/4) D:15

Altars:
Ashenzari
Cheibriados
Dithmenos
Elyvilon
Fedhas
Gozag
Hepliaklqana
Kikubaaqudgha
Makhleb
Nemelex Xobeh
Okawaru
Qazlal
Ru
Sif Muna
Trog
Uskayaw
Vehumet
Wu Jian
Xom
Yredelemnul
Zin
The Shining One

Shops:
D:6 :   D:9 *   D:14 !   Orc:2 ([==!   Shoals:1 !   Shoals:2 :

Annotations:
D:6 1 runed translucent door, jimmypageman's ghost, novice MiFi
D:7 2 transporters, jimmypageman's ghost, novice GrFi


Innate Abilities, Weirdness & Mutations

You have a pair of horns on your head.
You reflexively headbutt those who attack you in melee.
You are partially covered in iridescent scales. (AC +2)
You are clumsy. (Dex -2)
Your body sometimes deteriorates upon taking damage.
You are vulnerable to cold. (rC-)


Message History

* * * LOW HITPOINT WARNING * * *
The centaur warrior hits you but does no damage.
The centaur warrior barely misses you. The jumping spider pounces on you!
* * * LOW HITPOINT WARNING * * *
You are caught in a web!
The jumping spider bites you but does no damage.
The entropy weaver hits you but does no damage. x2
The entropy weaver hits you.
* * * LOW HITPOINT WARNING * * *
The entropy weaver completely misses you.
The web tears apart.
The jumping spider barely misses you. You block the jumping spider's attack.
The centaur warrior hits you but does no damage.
You block the centaur warrior's attack.
Uskayaw prepares the audience for your solo!
The helpless ironbound frostheart fails to defend itself.
You hit the ironbound frostheart. You freeze the ironbound frostheart.
You kill the centaur warrior!
You headbutt the ironbound frostheart!
The ironbound frostheart is moderately wounded.
The centaur warrior is no longer sharing its pain.
The helpless ironbound frostheart fails to defend itself.
You slash the ironbound frostheart! You freeze the ironbound frostheart.
The ironbound frostheart is heavily wounded.
The centaur warrior is no longer paralysed.
The ironbound frostheart is no longer paralysed.
The jumping spider is no longer paralysed.
The jumping spider leaps!
The ironbound frostheart calls freezing cold from the walls.
The frost grips you!!
* * * LOW HITPOINT WARNING * * *
Your body deteriorates!
You feel weakened.
You are encased in ice.
The jumping spider leaps!
You block the ironbound frostheart's attack.
You feel much better. You block the jumping spider's attack.
The jumping spider bites you.
* * * LOW HITPOINT WARNING * * *
The ironbound frostheart calls freezing cold from the walls.
The frost grips you!!
You die...

.....
.....##########
...............
...............
....B..........
..............)
......Bc.......
##p#####
#@s....#
#°.....#
#......#
#......#
#......#
#......#
######'########
#.............#
#.............#


You could see an ironbound frostheart (pain bonded), a centaur warrior and a
jumping spider (pain bonded).

Vanquished Creatures
  Rupert (D:15)
  Polyphemus (Shoals:4)
  An acid blob (Slime:2)
  2 azure jellies
  Donald (Shoals:4)
  A rockslime (Slime:1)
  A quicksilver ooze (Slime:1)
  2 eleionomae (Shoals:3)
  3 dire elephants (Lair:5)
  Azrael (D:15)
  3 merfolk javelineers
  An ettin (D:15)
  A yaktaur captain (Vaults:1)
  5 merfolk impalers
  Josephine (D:15)
  An ice dragon (Lair:5)
  A great orb of eyes (Slime:2)
  A hydra (Lair:2)
  Erolcha (D:13)
  7 vault guards (D:13)
  2 ogre magi (D:14)
  3 merfolk avatars
  9 centaur warriors
  A catoblepas (Shoals:4)
  4 boulder beetles
  An alligator snapping turtle (Shoals:1)
  8 two-headed ogres
  A death knight (D:14)
  3 satyrs (Shoals:3)
  3 merfolk aquamancers
  2 tengu warriors
  10 death yaks
  Urug (D:12)
  5 orc high priests (Orc:2)
  A spectral dire elephant (Lair:5)
  An occultist (D:15)
  A skyshark (Shoals:2)
  A spectral anaconda (Lair:5)
  7 skeletal warriors
  11 sea snakes
  7 orc knights
  A deep elf archer (D:14)
  An obsidian statue (Lair:5)
  20 harpies
  A deep elf pyromancer (D:12)
  6 necromancers
  A wolf spider (D:14)
  8 manticores
  2 shining eyes
  26 fauns
  12 cyclopes
  An ugly thing (D:11)
  8 merfolk sirens
  2 kobold blastminers (Orc:2)
  14 water nymphs
  2 black mambas
  9 elephants (Lair:5)
  A black mamba (shapeshifter) (D:14)
  2 gargoyles
  3 unseen horrors
  Maggie (Lair:1)
  11 komodo dragons
  4 rime drakes
  9 cane toads
  4 efreet
  5 kobold demonologists
  A tengu conjurer (D:15)
  A freezing wraith (D:15)
  16 merfolk
  7 polar bears
  5 wind drakes
  9 trolls
  A tarantella (Lair:2)
  13 snapping turtles
  12 dream sheep
  9 blink frogs (Lair:5)
  3 slime creatures
  3 vampires
  Eustachio (D:6)
  3 wraiths (D:15)
  8 water elementals
  4 fire elementals (D:15)
  4 humans (Lair:3)
  58 yaks
  6 basilisks
  4 wargs
  3 steam dragons
  A death yak simulacrum (Lair:5)
  5 wyverns
  A warg (shapeshifter) (D:14)
  A redback (Lair:2)
  3 acid dragons
  2 spectral cane toads (Lair:5)
  A vampire mosquito (D:6)
  2 hell hounds (D:15)
  8 water moccasins
  2 laughing skulls (D:13)
  35 orc warriors
  2 black bears
  2 black bears (shapeshifter) (D:14)
  2 ice beasts
  3 wolves
  12 ogres
  28 centaurs
  An elephant skeleton (Lair:5)
  7 kobold brigands
  4 gnoll sergeants
  15 bullfrogs
  A cane toad simulacrum (Lair:5)
  7 scorpions
  7 wights
  17 killer bees (D:8)
  An elephant simulacrum (Lair:5)
  3 howler monkeys (D:8)
  An electric eel (Lair:1)
  A hound (D:5)
  4 jellies
  2 gnoll boudas (D:5)
  33 orc priests
  6 iguanas
  A sleepcap (D:8)
  15 orc wizards
  6 yak simulacra (D:9)
  2 polar bear simulacra (D:9)
  A wolf simulacrum (D:9)
  A river rat (D:9)
  13 adders
  34 gnolls
  A shadow imp (D:8)
  3 white imps
  3 ufetubi (D:6)
  A dart slug (D:3)
  2 ribbon worms
  67 orcs
  8 bats
  5 endoplasms
  6 giant cockroaches
  3 goblins
  2 hobgoblins (D:1)
  2 jackals (D:2)
  3 quokkas
  6 ball pythons
  3 frilled lizards
  22 kobolds
  6 rats
  2 river rat simulacra (D:9)
  A butterfly (D:5)
882 creatures vanquished.

Vanquished Creatures (others)
  A manticore (Shoals:4)
  A warg (Orc:2)
  A gnoll (D:7)
3 creatures vanquished.

Grand Total: 885 creatures vanquished

Notes
Turn   | Place    | Note
-------+----------+-------------------------------------------
     0 | D:1      | PaiMei the Minotaur Fighter began the quest for the Orb.
     0 | D:1      | Reached XP level 1. HP: 19/19 MP: 0/0
   330 | D:1      | Reached XP level 2. HP: 27/27 MP: 1/1
  1011 | D:2      | Reached XP level 3. HP: 33/33 MP: 2/2
  1549 | D:2      | Reached XP level 4. HP: 38/41 MP: 3/3
  2354 | D:3      | Found a faded altar of an unknown god.
  2604 | D:4      | Reached XP level 5. HP: 31/47 MP: 4/4
  2915 | D:4      | Noticed a black bear
  2924 | D:4      | Killed a black bear
  2925 | D:4      | Reached skill level 5 in Fighting
  2925 | D:4      | Reached skill level 5 in Armour
  2925 | D:4      | Reached skill level 5 in Shields
  3045 | D:4      | Reached XP level 6. HP: 46/56 MP: 5/5
  3254 | D:5      | Entered Level 5 of the Dungeon
  3279 | D:5      | Noticed an ice beast
  3290 | D:5      | Killed an ice beast
  3452 | D:5      | Reached skill level 5 in Axes
  3452 | D:5      | Reached XP level 7. HP: 42/62 MP: 6/6
  3756 | D:5      | Reached XP level 8. HP: 51/71 MP: 7/7
  4039 | D:5      | Found a shimmering altar of Xom.
  4257 | D:5      | Found the +5 woodcutter's axe
  4707 | D:6      | Found a runed translucent door.
  4707 | D:6      | Noticed jimmypageman's ghost (novice MiFi)
  4731 | D:6      | Found a bloodstained altar of Trog.
  4829 | D:6      | Reached XP level 9. HP: 60/81 MP: 8/8
  4922 | D:6      | Found Ytiyggaal's Self-Published Books.
  4963 | D:6      | Found a sacrificial altar of Ru.
  5125 | D:6      | Found a staircase to the Ecumenical Temple.
  5257 | D:6      | Noticed Eustachio
  5273 | D:6      | Killed Eustachio
  5533 | Temple   | Entered the Ecumenical Temple
  5546 | Temple   | Became a worshipper of Uskayaw the Reveller
  5626 | D:7      | Reached * piety under Uskayaw
  5631 | D:7      | Reached ** piety under Uskayaw
  5681 | D:7      | Found a sparkling altar of Nemelex Xobeh.
  5745 | D:7      | Reached *** piety under Uskayaw
  5927 | D:7      | Reached **** piety under Uskayaw
  6118 | D:7      | Got the Compendium of Paper
  6145 | D:7      | Noticed jimmypageman's ghost (novice GrFi)
  6146 | D:7      | Found a transporter.
  6154 | D:7      | Found a transporter.
  6535 | D:8      | Reached XP level 10. HP: 91/91 MP: 9/9
  6592 | D:8      | Found an ancient bone altar of Kikubaaqudgha.
  6592 | D:8      | Found a glowing silver altar of Zin.
  7229 | D:8      | Identified the +8 trident "Xaamel" {spect, Stlth+}
  7324 | D:9      | Found Ecurph's General Store.
  7341 | D:9      | Reached skill level 10 in Fighting
  7341 | D:9      | Reached skill level 10 in Shields
  7345 | D:9      | Reached skill level 10 in Armour
  7347 | D:9      | Reached ***** piety under Uskayaw
  7352 | D:9      | Reached skill level 10 in Axes
  7354 | D:9      | Reached ****** piety under Uskayaw
  7846 | D:9      | Bought a scroll of identify for 24 gold pieces
  7952 | D:9      | Found a staircase to the Lair.
  8009 | D:9      | Reached XP level 11. HP: 65/102 MP: 10/10
  8556 | D:9      | Noticed a necromancer
  8561 | D:9      | Killed a necromancer
  8657 | D:10     | Entered Level 10 of the Dungeon
  8814 | D:10     | Noticed a two-headed ogre
  8820 | D:10     | Killed a two-headed ogre
  8961 | D:10     | Found a staircase to the Orcish Mines.
  9111 | D:10     | Noticed a two-headed ogre
  9116 | D:10     | Killed a two-headed ogre
  9337 | Orc:1    | Entered Level 1 of the Orcish Mines
  9901 | Orc:2    | Entered Level 2 of the Orcish Mines
  9901 | Orc:2    | Noticed an orc knight
 10220 | D:11     | Noticed a two-headed ogre
 10228 | D:11     | Killed a two-headed ogre
 10229 | D:11     | Reached XP level 12. HP: 110/113 MP: 11/11
 10274 | D:11     | Noticed a two-headed ogre
 10281 | D:11     | Killed a two-headed ogre
 11218 | D:12     | Noticed a boulder beetle
 11366 | D:12     | Noticed Urug
 11388 | D:12     | Killed Urug
 11869 | D:12     | Reached skill level 2 in Maces & Flails
 11989 | D:12     | Killed a boulder beetle
 11990 | D:12     | Reached skill level 3 in Maces & Flails
 11990 | D:12     | Reached skill level 1 in Invocations
 12134 | D:12     | You fall into a shaft and drop 1 floor!
 12149 | D:12     | Reached skill level 4 in Maces & Flails
 12212 | D:13     | Reached skill level 5 in Maces & Flails
 12722 | D:13     | Reached skill level 6 in Maces & Flails
 13327 | D:12     | Noticed a centaur warrior
 13338 | D:12     | Killed a centaur warrior
 13339 | D:12     | Reached skill level 7 in Maces & Flails
 13735 | D:13     | Noticed a vault guard
 13735 | D:13     | Noticed a vault guard
 13735 | D:13     | Noticed a vault guard
 13828 | Lair:1   | Entered Level 1 of the Lair of Beasts
 14060 | Lair:1   | Reached XP level 13. HP: 103/122 MP: 14/14
 14238 | Lair:1   | Reached skill level 8 in Maces & Flails
 14302 | Lair:1   | Noticed Maggie
 14309 | Lair:1   | Killed Maggie
 14534 | Lair:1   | Identified the +11 flail "Jioxuh" {vamp, ^Contam rC- rN+++
                  | Int+3}
 14987 | Lair:2   | Reached skill level 9 in Maces & Flails
 15497 | Lair:2   | Found a hole to the Spider Nest.
 16038 | Lair:3   | Reached skill level 10 in Maces & Flails
 16368 | Lair:3   | Reached skill level 11 in Maces & Flails
 16395 | Lair:3   | Reached skill level 12 in Maces & Flails
 17022 | Lair:3   | Identified the +7 rapier "Luraosan" {venom, rElec rCorr
                  | MP+9 Int+4}
 17067 | Lair:3   | Found a staircase to the Shoals.
 17322 | Lair:4   | Reached skill level 5 in Invocations
 17945 | Lair:5   | Entered Level 5 of the Lair of Beasts
 17971 | Lair:5   | Reached skill level 13 in Maces & Flails
 17994 | Lair:5   | Reached XP level 14. HP: 130/133 MP: 16/16
 18222 | Lair:5   | Found a staircase to the Slime Pits.
 18499 | Lair:5   | Found a frozen archway.
 18506 | Lair:5   | Reached skill level 14 in Maces & Flails
 19138 | Lair:5   | Identified the +10 falchion of Doaweth {freeze, ^Drain
                  | rCorr MP+9 Int+2}
 19340 | Lair:5   | Reached skill level 15 in Maces & Flails
 19852 | Lair:5   | Identified the amulet "Qeacos" {rPois rN+ Regen+ Str-2}
 20213 | D:13     | Reached skill level 15 in Fighting
 20213 | D:13     | Reached skill level 15 in Armour
 20246 | D:13     | Found a gate to the Vaults.
 20371 | D:13     | Reached skill level 15 in Shields
 20396 | D:13     | Noticed Erolcha
 20405 | D:13     | Killed Erolcha
 20474 | D:13     | Reached skill level 16 in Maces & Flails
 20720 | D:14     | Found Uwef's Distillery.
 20727 | D:14     | Bought a potion of heal wounds for 75 gold pieces
 20727 | D:14     | Bought a potion of heal wounds for 75 gold pieces
 20727 | D:14     | Bought a potion of heal wounds for 75 gold pieces
 20727 | D:14     | Bought a potion of resistance for 150 gold pieces
 20727 | D:14     | Bought 2 potions of berserk rage for 150 gold pieces
 20812 | D:14     | Found a shadowy altar of Dithmenos.
 20930 | D:14     | Got the Precepts of Hoarfrost
 21173 | D:14     | Found a glowing silver altar of Zin.
 21290 | D:14     | Reached XP level 15. HP: 107/141 MP: 19/19
 21601 | D:15     | Entered Level 15 of the Dungeon
 21601 | D:15     | Noticed Josephine
 21610 | D:15     | Killed Josephine
 22204 | D:15     | Found a staircase to the Depths.
 22236 | D:15     | Noticed Azrael
 22255 | D:15     | Killed Azrael
 22279 | D:15     | Reached skill level 17 in Maces & Flails
 23299 | D:15     | Noticed Rupert
 23323 | D:15     | Killed Rupert
 23731 | D:15     | Identified the +3 trident "Tetreoti" {speed, rElec Str+4}
 23758 | D:15     | Found a basalt altar of Yredelemnul.
 24085 | Orc:2    | Found Memekin's Distillery.
 24088 | Orc:2    | Bought a potion of heal wounds for 75 gold pieces
 25160 | Orc:2    | Found a staircase to the Elven Halls.
 25769 | Orc:2    | Found Vaudootz's Weapon Boutique.
 25769 | Orc:2    | Found Toafanuu's Jewellery Boutique.
 25770 | Orc:2    | Found Hesu's Armour Boutique.
 25770 | Orc:2    | Found Pefammua's Jewellery Shop.
 25793 | Orc:2    | Bought the ring of Laxiarch {rElec rC+ EV+5 Int+3} for 759
                  | gold pieces
 25793 | Orc:2    | Bought the ring "Jotz" {rN+ Str+6 Int-3 Dex+7} for 576 gold
                  | pieces
 26120 | Shoals:1 | Entered Level 1 of the Shoals
 26899 | Shoals:1 | Found Mesm's Distillery.
 27106 | Shoals:1 | Reached skill level 18 in Maces & Flails
 27662 | Shoals:2 | Found Wostraq's Book Shop.
 27680 | Shoals:2 | Reached XP level 16. HP: 152/152 MP: 21/21
 28489 | Shoals:2 | Identified the +0 leather armour of Ucybec {MP-9 Int+4
                  | Dex+2}
 29581 | Shoals:3 | Reached skill level 19 in Maces & Flails
 29742 | Shoals:3 | Identified the staff of the Pariah {rF- rN+ Int+3 Dex+3
                  | Necro Air}
 30493 | Shoals:4 | Entered Level 4 of the Shoals
 30928 | Shoals:4 | Got a barnacled rune of Zot
 31701 | Shoals:4 | Reached XP level 17. HP: 161/161 MP: 23/23
 31781 | Shoals:4 | Noticed Donald
 31791 | Shoals:4 | Killed Donald
 31904 | Shoals:4 | Noticed Polyphemus
 31920 | Shoals:4 | Killed Polyphemus
 31980 | Shoals:4 | Identified the +6 rapier of Nemelex Xobeh's Hope {freeze,
                  | rC+ Dex+4 Stlth+}
 32010 | Shoals:4 | Reached skill level 10 in Invocations
 32258 | Shoals:4 | Reached skill level 20 in Maces & Flails
 32296 | Shoals:4 | Identified the ring "Kuhaw" {rC+ Will+ SInv}
 32689 | Orc:2    | Bought a ring of resist corrosion for 220 gold pieces
 32951 | Lair:5   | Gained mutation: You are clumsy. (Dex -2) [mutagenic glow]
 33015 | Slime:1  | Entered Level 1 of the Pits of Slime
 33285 | Slime:1  | Gained mutation: You are vulnerable to cold. (rC-) [a
                  | shining eye]
 33910 | Slime:2  | Gained mutation: Your body sometimes deteriorates upon
                  | taking damage. [a shining eye]
 33914 | Slime:2  | Gained mutation: You are partially covered in iridescent
                  | scales. (AC +2) [a shining eye]
 34047 | Slime:2  | Noticed an acid blob
 34354 | Slime:2  | Killed an acid blob
 35059 | Vaults:1 | Entered Level 1 of the Vaults
 35121 | Vaults:1 | Killed from afar by an ironbound frostheart

Illustrated notes

Levels and vault maps discovered:
D:1:      dpeg_arrival_round_a, layout_loops_corners, minmay_misc_feat_iff
D:2:      layout_basic
D:3:      layout_loops_ring, hellmonk_ecumenical_altar_prayer_group
D:4:      layout_rooms, hangedman_decor_lopped
D:5:      old_forge, layout_cave_pools, xom_butterflies,
          pf_guarded_unrand_woodcutter
D:6:      layout_basic, nicolae_ru_great_annihilating_truth, trog_book,
          minmay_temple_entry_gardened_gates, ebering_ghost_inner_flame,
          grunt_decor_one_mirror, nicolae_custom_books, minmay_manual_mess,
          uniq_eustachio
D:7:      layout_rooms, amcnicky_altar_gilded, gammafunk_ghost_arena
D:8:      layout_gridville, jmf_multi_god_temple
D:9:      layout_cave_pools, minmay_lair_entry_grove, serial_shops,
          nicolae_shop_statue_plus, eino_house_with_fridge
D:10:     layout_long_grid, orc_0_dummy
D:11:     layout_loops_cross
D:12:     layout_rooms, uniq_urug
D:13:     layout_basic, erik_vaults_2, item_on_display_a, uniq_erolcha
D:14:     minmay_the_grid_four_pointed_star_mashed
          [minmay_the_grid_triangle_9x9_corrupted_corridor,
          minmay_the_grid_triangle_9x9_limited_checkers,
          minmay_the_grid_triangle_9x9_from_above,
          minmay_the_grid_triangle_9x9_longest,
          minmay_the_grid_prize_four_corners], layout_irregular_city,
          grunt_dithmenos_smoke, serial_shops, nicolae_shop_advertising_works
          [nicolae_subvault_shop_adworks], serial_rivers,
          chequers_serial_rivers_micro_d, chequers_serial_rivers_room_b,
          chequers_serial_rivers_small_a, chequers_serial_rivers_micro_a,
          chequers_serial_rivers_micro_b, chequers_serial_rivers_small_b,
          zin_treasury
D:15:     hangedman_depths_entry_civil_slaughter, layout_irregular_city,
          solitary_fountain, yredelemnul_altar_generic, uniq_azrael,
          uniq_josephine, uniq_rupert
Temple:   nicolae_temple_superstar
Lair:1:   layout_loops_ring, infiniplex_staircase_pool, uniq_maggie
Lair:2:   layout_long_grid, spider_nest_entry_rubble, serial_bayou_shore_a
Lair:3:   slaughterhouse, layout_long_grid, minmay_shoals_entry_hut
Lair:4:   layout_regular_city
Lair:5:   due_jungle_book, layout_misc_corridors,
          nicolae_slime_entry_field_trip,
          portal_ice_cave_entry_animals_and_master
Shoals:1: layout_shoals, nicolae_shoals_lost_giant_pillars,
          nicolae_take_the_stairs, st_cyclops
Shoals:2: layout_shoals, serial_shops, shop,
          nicolae_shoals_nymph_descending_staircase
Shoals:3: layout_shoals, nicolae_shoals_enchanted_isle
Shoals:4: shoals_end_hangedman, layout_shoals, uniq_polyphemus, uniq_donald
Slime:1:  layout_caves, nicolae_slime_getting_an_eyeful
Slime:2:  layout_caves, cheibrodos_slime_lost_civilization_5
Slime:3:  layout_caves, cheibrodos_slime_lost_civilization_6
Orc:1:    layout_caves, basic_altar
Orc:2:    st_orc_pillars, layout_caves, nicolae_volcano_entry_s_turn,
          serial_shops, shop, basic_altar, nicolae_orc_rockfall
Vaults:1: vaults_mumra_hexcomb, vaults_mumra_hex, v_misc_3,
          nicolae_vaults_house_3, ontoclasm_vaults_pinch,
          nicolae_vaults_six-pack, nicolae_vaults_shelves_hall,
          vaults_room_ringed_pool, nicolae_vaults_cochlea,
          hangedman_vaults_capsules, nicolae_vaults_offset_grid_hallway_2,
          nicolae_vaults_mini_display_case, nicolae_vaults_two_Ls,
          layout_vaults_ring

Skill      XL: |  1  2  3  4  5  6  7  8  9 10 11 12 13 14 15 16 17 |
---------------+----------------------------------------------------+-----
Fighting       | 4 5 6 8 9 11 12 13 14 15 16 17 | 17.6
Axes           | 3 4 5 6 7 9 10 12 | 12.7
Armour         | 4 5 6 8 9 10 12 13 14 15 16 17 | 17.5
Shields        | 4 5 6 8 9 11 12 13 14 15 16 17 | 17.3
Maces & Flails | 7 13 16 18 19 20 | 20.2
Invocations    | 2 5 7 8 9 10 | 10.2

Action                     |  1- 3 |  4- 6 |  7- 9 | 10-12 | 13-15 | 16-18 || total
---------------------------+-------+-------+-------+-------+-------+-------++-------
  Melee: War axe           |    66 |   134 |   125 |       |       |       ||   325
         Headbutt          |     8 |    23 |    44 |    57 |   248 |   129 ||   509
         Battleaxe         |       |       |   115 |   361 |   161 |       ||   637
         Flail             |       |       |       |       |   762 |   443 ||  1205
         Falchion          |       |       |       |       |       |    77 ||    77
  Throw: Javelin           |       |       |       |       |       |     4 ||     4
         Throwing net      |       |       |       |       |       |     1 ||     1
    Use: Scroll            |       |       |     6 |     6 |     9 |     3 ||    24
         Potion            |       |       |       |       |       |     8 ||     8
   Stab: Paralysed         |       |       |    11 |    34 |    60 |    32 ||   137
 Armour: Scale mail        |    48 |    93 |    88 |       |       |       ||   229
         Ring mail         |       |       |    85 |   293 |   347 |       ||   725
         Chain mail        |       |       |       |       |   149 |   426 ||   575
  Dodge: Dodged            |    34 |    62 |   208 |   255 |   353 |   206 ||  1118
  Block: Buckler           |    17 |    37 |    39 |       |       |       ||    93
         Other             |       |       |    32 |    76 |    33 |       ||   141
         Reflection        |       |       |     2 |     8 |    62 |    35 ||   107
         Kite shield       |       |       |       |       |   679 |   516 ||  1195
